Workbook
Name Acero: #REF!
Name Agregados: #REF!
Name Apar.Sanitarios: #REF!
Name Carp.Aluminio: #REF!
Name Carp.Metalica: #REF!
Name Cerrajeria: #REF!
Name Ciudades: #REF!
Name Combustible: #REF!
Name Concretos: #REF!
Name Cuadrillas: #REF!
Name Cubierta: #REF!
Name Drywall: #REF!
Name Equipos: #REF!
Name EquiposEspeciales: #REF!
Name Ferreteria: #REF!
Name Formaletas: #REF!
Name Geosinteticos: #REF!
Name Impermeabilizantes: #REF!
Name Inst.Electricas: #REF!
Name Inst.Hidrosanitarias: #REF!
Name INSUMOS: #REF!
Name Ladrillos: #REF!
Name Maderas: #REF!
Name Pinturas: #REF!
Name PisosEnchapes: #REF!
Name Prefabricados: #REF!
Name VariosAnalisis: #REF!

Sheet EST. MERCADO
A4: ANÁLISIS DEL ESTUDIO DE MERCADO Y PROYECCIÓN DEL PRESUPUESTO OFICIAL
B7: OBJETO: Realizar las obras de primeros auxilios y reparaciones locativas para los inmuebles denominados Edifico Central y Torre Docente en el Hospital San juan de Dios e Instituto Materno Infantil.
E8: ENTIDAD | G8: PROVEEDOR 1 | I8: PROVEEDOR 2 | K8: PROVEEDOR 3 | M8: PROMEDIO DEL MERCADO | O8: PRESUPUESTO OFICIAL
A9: REF | B9: ÍTEM | C9: UN | D9: CANT | E9: VALOR UNITARIO | F9: VALOR TOTAL | G9: VALOR UNITARIO | H9: VALOR TOTAL | I9: VALOR UNITARIO | J9: VALOR TOTAL | K9: VALOR UNITARIO | L9: VALOR TOTAL | M9: VALOR UNITARIO | N9: VALOR TOTAL | O9: VALOR UNITARIO | P9: VALOR TOTAL | Q9: VALOR INDEXADO 2025
A10: 1 | B10: LIMPIEZA, RETIROS Y DESMONTES | Q10: 0.057
A11: 1.1 | B11: Desmonte del revoque cornisa perimetral de concreto que hace parte de las adiciones realizadas a la cubierta del volumen de Hospitalización por riesgo de desprendimientos, con medios manuales, sin deteriorar los elementos constructivos contiguos, y carga manual sobre camión o contenedor. | C11: ml | D11: =84.9+114.6+65.69 -> 265.19 | E11: 41925 | F11: =+ROUNDUP(D11*E11,0) -> 11118091 | G11: 12700 | H11: =+$D11*G11 -> 3367913 | I11: 35000 | J11: =+$D11*I11 -> 9281650 | K11: 41000 | L11: =+$D11*K11 -> 10872790 | M11: =AVERAGE(G11,I11,K11) -> 29566.667 | N11: =+$D11*M11 -> 7840784.3 | O11: =AVERAGE(G11,I11,K11,E11) -> 32656.25 | P11: =ROUNDUP($D11*O11,0) -> 8660111 | Q11: =ROUNDUP(P11*(1+$Q$10),0) -> 9153738
A12: 1.2 | B12: Retiro del manto asfaltico existente en las cubiertas del volumen de hospitalización y de urgencias del Edificio Central | C12: m2 | D12: 3446 | E12: 5870 | F12: =+ROUNDUP(D12*E12,0) -> 20228020 | G12: 8200 | H12: =+$D12*G12 -> 28257200 | I12: 16500 | J12: =+$D12*I12 -> 56859000 | K12: 4800 | L12: =+$D12*K12 -> 16540800 | M12: =AVERAGE(G12,I12,K12) -> 9833.3333 | N12: =+$D12*M12 -> 33885667 | O12: =AVERAGE(G12,I12,K12,E12) -> 8842.5 | P12: =ROUNDUP($D12*O12,0) -> 30471255 | Q12: =ROUNDUP(P12*(1+$Q$10),0) -> 32208117
A13: 1.3 | B13: Retiro de cuerpos vegetales de todas las tallas, con motosierra o retiro manual con extracción, y carga manual a camión. | C13: m2 | D13: 6892 | E13: 3955 | F13: =+ROUNDUP(D13*E13,0) -> 27257860 | G13: 4200 | H13: =+$D13*G13 -> 28946400 | I13: 8500 | J13: =+$D13*I13 -> 58582000 | K13: 3800 | L13: =+$D13*K13 -> 26189600 | M13: =AVERAGE(G13,I13,K13) -> 5500 | N13: =+$D13*M13 -> 37906000 | O13: =AVERAGE(G13,I13,K13,E13) -> 5113.75 | P13: =ROUNDUP($D13*O13,0) -> 35243965 | Q13: =ROUNDUP(P13*(1+$Q$10),0) -> 37252872
A14: 1.4 | B14: Acopio y manejo de escombros dentro de la obra. Contempla posterior retiro a escombrera certificada. | C14: m3 | D14: 26.51 | E14: 79794 | F14: =+ROUNDUP(D14*E14,0) -> 2115339 | G14: 55000 | H14: =+$D14*G14 -> 1458050 | I14: 65000 | J14: =+$D14*I14 -> 1723150 | K14: 79800 | L14: =+$D14*K14 -> 2115498 | M14: =AVERAGE(G14,I14,K14) -> 66600 | N14: =+$D14*M14 -> 1765566 | O14: =AVERAGE(G14,I14,K14,E14) -> 69898.5 | P14: =ROUNDUP($D14*O14,0) -> 1853010 | Q14: =ROUNDUP(P14*(1+$Q$10),0) -> 1958632
A15: 1.5 | B15: Limpieza y desinfección del piso 4 y del piso 9 del Edificio Central por control de vectores | C15: m2 | D15: 2966 | E15: 4727 | F15: =+ROUNDUP(D15*E15,0) -> 14020282 | G15: 5200 | H15: =+$D15*G15 -> 15423200 | I15: 38500 | J15: =+$D15*I15 -> 114191000 | K15: 3800 | L15: =+$D15*K15 -> 11270800 | M15: =AVERAGE(G15,I15,K15) -> 15833.333 | N15: =+$D15*M15 -> 46961667 | O15: =AVERAGE(G15,I15,K15,E15) -> 13056.75 | P15: =ROUNDUP($D15*O15,0) -> 38726321 | Q15: =ROUNDUP(P15*(1+$Q$10),0) -> 40933722
A16: 2 | B16: SOBRECUBIERTA
A17: 2.1 | B17: Suministro y construcción de sobrecubierta del área a cubrir. Estructura de guadua conformada por columnas de apoyo, puntales y riostras en vara de guadua y correas en repisa de madera pino Radiatta 4X6. cubierta en teja de zinc calibre 35. H=1,70 hasta 2,20M. | C17: m2 | D17: 3081 | E17: 174050 | F17: =+ROUNDUP(D17*E17,0) -> 536248050 | G17: 58000 | H17: =+$D17*G17 -> 178698000 | I17: 220000 | J17: =+$D17*I17 -> 677820000 | K17: 195000 | L17: =+$D17*K17 -> 600795000 | M17: =AVERAGE(G17,I17,K17) -> 157666.67 | N17: =+$D17*M17 -> 4.85771e+08 | O17: =AVERAGE(G17,I17,K17,E17) -> 161762.5 | P17: =ROUNDUP($D17*O17,0) -> 498390263 | Q17: =ROUNDUP(P17*(1+$Q$10),0) -> 526798508
A18: 2.2 | B18: Estudios y diseños estructurales de la sobrecubierta y trámite del permiso ante el Ministerio de las Culturas, las Artes y los Saberes. | C18: m2 | D18: =D17 -> 3081 | E18: 15390 | F18: =+ROUNDUP(D18*E18,0) -> 47416590 | G18: 12000 | H18: =+$D18*G18 -> 36972000 | I18: 10000 | J18: =+$D18*I18 -> 30810000 | K18: 20000 | L18: =+$D18*K18 -> 61620000 | M18: =AVERAGE(G18,I18,K18) -> 14000 | N18: =+$D18*M18 -> 43134000 | O18: =AVERAGE(G18,I18,K18,E18) -> 14347.5 | P18: =ROUNDUP($D18*O18,0) -> 44204648 | Q18: =ROUNDUP(P18*(1+$Q$10),0) -> 46724313
A19: 3 | B19: OTRAS ACTIVIDADES | F19: =+ROUNDUP(D19*E19,0) -> 0
A20: 3.1 | B20: Taponamiento de las ventanas que se encuentran faltantes de vidrios con superboard RH en el piso 9 del Edificio Central | C20: Und | D20: 15 | E20: 205729 | F20: =+ROUNDUP(D20*E20,0) -> 3085935 | G20: 250000 | H20: =+$D20*G20 -> 3750000 | I20: 110000 | J20: =+$D20*I20 -> 1650000 | K20: 192000 | L20: =+$D20*K20 -> 2880000 | M20: =AVERAGE(G20,I20,K20) -> 184000 | N20: =+$D20*M20 -> 2760000 | O20: =AVERAGE(G20,I20,K20,E20) -> 189432.25 | P20: =ROUNDUP($D20*O20,0) -> 2841484 | Q20: =ROUNDUP(P20*(1+$Q$10),0) -> 3003449
A21: 3.2 | B21: Acarreo de material, ingreso y retiro desde los pisos cubierta, piso 9 y piso 4 del edificio Central | C21: Hr | D21: =8*30 -> 240 | E21: 30185 | F21: =+ROUNDUP(D21*E21,0) -> 7244400 | G21: 7800 | H21: =+$D21*G21 -> 1872000 | I21: 32000 | J21: =+$D21*I21 -> 7680000 | K21: 39500 | L21: =+$D21*K21 -> 9480000 | M21: =AVERAGE(G21,I21,K21) -> 26433.333 | N21: =+$D21*M21 -> 6344000 | O21: =AVERAGE(G21,I21,K21,E21) -> 27371.25 | P21: =ROUNDUP($D21*O21,0) -> 6569100 | Q21: =ROUNDUP(P21*(1+$Q$10),0) -> 6943539
A22: 3.3 | B22: Viajes en Volqueta para retiro de material | C22: Viaj | D22: 5 | E22: 350849 | F22: =+ROUNDUP(D22*E22,0) -> 1754245 | G22: 220000 | H22: =+$D22*G22 -> 1100000 | I22: 600000 | J22: =+$D22*I22 -> 3000000 | K22: 650000 | L22: =+$D22*K22 -> 3250000 | M22: =AVERAGE(G22,I22,K22) -> 490000 | N22: =+$D22*M22 -> 2450000 | O22: =AVERAGE(G22,I22,K22,E22) -> 455212.25 | P22: =ROUNDUP($D22*O22,0) -> 2276062 | Q22: =ROUNDUP(P22*(1+$Q$10),0) -> 2405798
B24: COSTO DIRECTO | F24: =SUM(F11:F22) -> 670488812 | H24: =SUM(H11:H22) -> 299844763 | J24: =SUM(J11:J22) -> 961596800 | L24: =SUM(L11:L22) -> 745014488 | N24: =SUM(N11:N22) -> 6.6881868e+08 | P24: =SUM(P11:P22) -> 669236219 | Q24: =SUM(Q11:Q22) -> 707382688
B25: ADMINISTRACIÓN | E25: 0.296 | F25: =F24*E25 -> 1.9846469e+08 | G25: 0.23 | H25: =H24*G25 -> 68964295 | I25: 0.1 | J25: =J24*I25 -> 96159680 | K25: 0.2 | L25: =L24*K25 -> 1.490029e+08 | M25: =AVERAGE(G25,I25,K25) -> 0.17666667 | N25: =N24*M25 -> 1.1815797e+08 | O25: 0.296 | P25: =P24*O25 -> 1.9809392e+08 | Q25: =+Q24*O25 -> 2.0938528e+08
B26: IMPREVISTOS | E26: 0.02 | F26: =F24*E26 -> 13409776 | G26: 0.02 | H26: =H24*G26 -> 5996895.3 | I26: 0.01 | J26: =J24*I26 -> 9615968 | K26: 0.01 | L26: =L24*K26 -> 7450144.9 | M26: =ROUNDUP(AVERAGE(G26,I26,K26),3) -> 0.014 | N26: =N24*M26 -> 9363461.6 | O26: =+M26 -> 0.014 | P26: =P24*O26 -> 9369307.1 | Q26: =+Q24*O26 -> 9903357.6
B27: UTILIDAD | E27: 0.05 | F27: =F24*E27 -> 33524441 | G27: 0.08 | H27: =H24*G27 -> 23987581 | I27: 0.05 | J27: =J24*I27 -> 48079840 | K27: 0.06 | L27: =L24*K27 -> 44700869 | M27: =ROUNDUP(AVERAGE(G27,I27,K27),3) -> 0.064 | N27: =N24*M27 -> 42804396 | O27: =+M27 -> 0.064 | P27: =P24*O27 -> 42831118 | Q27: =+Q24*O27 -> 45272492
B28: IVA (SOBRE UTILIDAD) | E28: 0.19 | F28: =F27*E28 -> 6369643.7 | G28: 0.19 | H28: =H27*G28 -> 4557640.4 | I28: 0.19 | J28: =J27*I28 -> 9135169.6 | K28: 0.19 | L28: =L27*K28 -> 8493165.2 | M28: 0.19 | N28: =N27*M28 -> 8132835.2 | O28: 0.19 | P28: =P27*O28 -> 8137912.4 | Q28: =+Q27*O28 -> 8601773.5
B29: VALOR TOTAL | F29: =SUM(F24:F28) -> 9.2225736e+08 | H29: =SUM(H24:H28) -> 4.0335118e+08 | J29: =SUM(J24:J28) -> 1.1245875e+09 | L29: =SUM(L24:L28) -> 9.5466156e+08 | N29: =SUM(N24:N28) -> 8.4727734e+08 | P29: =SUM(P24:P28) -> 9.2766848e+08 | Q29: =SUM(Q24:Q28) -> 9.8054559e+08
B32: DATOS DEL PROVEEDOR:
B33: PROVEEDOR 1:
B34: NOMBRE: MaRo Arquitectura SAS BIC
B35: NIT: 901 608 621-3
B36: PROVEEDOR 2:
B37: NOMBRE: ARQUITECTOS RESTAURADORES SAS
B38: NIT: 900.674.423 - 9
B39: PROVEEDOR 3:
B40: NOMBRE:Estudios Geotécnicos Colombianos SAS
B41: NIT: 901469284-7

Sheet Hoja1
A1: PROVEEDOR | B1: VALOR COSTO DIRECTO | C1: VALOR TOTAL
A2: PROVEEDOR 1 | B2: 299844763 | C2: 4.0335118e+08
A3: PROVEEDOR 2 | B3: 961596800 | C3: 1.1245875e+09
A4: PROVEEDOR 3 | B4: 745014488 | C4: 9.5466156e+08
A5: PROMEDIO DEL MERCADO | B5: =AVERAGE(B2:B4) -> 6.6881868e+08 | C5: =+'EST. MERCADO'!N29 -> 8.4727734e+08
A6: PRESUPUESTO ENTIDAD | B6: =+'EST. MERCADO'!F24 -> 670488812 | C6: =+'EST. MERCADO'!F29 -> 9.2225736e+08
A7: PRESUPUESTO OFICIAL 2024 | B7: =+'EST. MERCADO'!P24 -> 669236219 | C7: =+'EST. MERCADO'!P29 -> 9.2766848e+08
A8: PRESUPUESTO OFICIAL INDEXADO 2025 | B8: =+'EST. MERCADO'!Q24 -> 707382688 | C8: =+'EST. MERCADO'!Q29 -> 9.8054559e+08
